 Dungeon Crawl Stone Soup version 0.26-a0-538-ge4b5d95 (webtiles) character file.

Game seed: 5240150646741034299

434 MrTaco21 the Cudgeler (level 6, -7/47 HPs)
             Began as a Demonspawn Fighter on Aug 14, 2020.
             Killed from afar by Ijyb (11 damage)
             ... with a bolt of acid
             ... on level 4 of the Dungeon.
             The game lasted 00:05:28 (3628 turns).

MrTaco21 the Cudgeler (Demonspawn Fighter)          Turns: 3628, Time: 00:05:28

Health: -7/47      AC:  7    Str: 19    XL:     6   Next: 67%
Magic:  0/6        EV:  7    Int:  9    God:
Gold:   151        SH:  9    Dex: 12    Spells: 5/5 levels left

rFire    + . .     SeeInvis .   a - +0 flail
rCold    x . .     Faith    .   c - +0 kite shield
rNeg     . . .     Spirit   +   b - +0 scale mail
rPois    .         Reflect  .   (no helmet)
rElec    .         Harm     .   (no cloak)
rCorr    .                      m - +0 pair of gloves
MR       .....                  (no boots)
Stlth    ..........             y - amulet of guardian spirit
HPRegen  0.15/turn              o - ring of fire
MPRegen  0.10/turn              (no ring)

@: no status effects
A: claws 2, talons 1, demonic guardian 1
a: no special abilities


You were on level 4 of the Dungeon.
You visited 1 branch of the dungeon, and saw 4 of its levels.

You collected 151 gold pieces.

Inventory:

Hand Weapons
 a - a +0 flail (weapon)
Missiles
 z - 2 throwing nets (quivered) {!f}
Armour
 b - a +0 scale mail (worn)
 c - a +0 kite shield (worn)
 m - a +0 pair of gloves (worn)
   (You found it on level 1 of the Dungeon)
Jewellery
 o - a ring of fire (left hand)
   (You found it on level 2 of the Dungeon)
 y - an amulet of guardian spirit (around neck)
   (You found it on level 4 of the Dungeon)
Wands
 d - a wand of iceblast (5)
   (You found it on level 4 of the Dungeon)
Scrolls
 e - 3 scrolls of remove curse {@r2}
 f - 2 scrolls of identify {@r1}
 g - a scroll of fog {unknown}
 h - 2 scrolls of immolation {unknown}
 i - 2 scrolls of teleportation {unknown}
 l - a scroll of magic mapping {unknown}
 n - a scroll of blinking {unknown}
 p - a scroll of noise {unknown}
 u - a scroll of enchant armour {unknown}
Potions
 j - a potion of heal wounds {unknown}
 k - a potion of lignification {unknown}
 q - a potion of resistance {unknown}
 r - a potion of flight {unknown}
 s - a potion of experience {unknown}
 t - 2 potions of curing {unknown}
 v - a potion of stabbing {unknown}
 w - a potion of might
 x - a potion of berserk rage {unknown}


   Skills:
 - Level 3.0 Fighting
 + Level 6.6 Maces & Flails
 - Level 2.6 Armour
 - Level 2.6 Shields


You had 5 spell levels left.
You didn't know any spells.
Your spell library was empty.

Dungeon Overview and Level Annotations

Branches:
Dungeon (4/15)
 Temple: D:4-7

Altars:
Trog

Annotations:
D:4 Ijyb


Innate Abilities, Weirdness & Mutations

You have very sharp fingernails.
You have sharp toenails.
A weak demonic guardian rushes to your aid.


Message History

No target in view!
No target in view!
No target in view!
No target in view!
No target in view!
No target in view!
No target in view!
No target in view!
A jackal comes into view.
A jackal is nearby!
A jackal is nearby!
A jackal is nearby!
A jackal comes into view.
The jackal barks! x2
A jackal comes into view.
You block the jackal's attack.
You hit the jackal.
You kill the jackal!
You block the jackal's attack.
You closely miss the jackal. The jackal bites you.
You thump the jackal!
You kill the jackal!
You sock the jackal!
You kill the jackal!
Ijyb the Twisted Goblin comes into view.
She is wielding a +0 dagger and carrying a wand of acid (7).
Ijyb shouts!
You hear an angry hiss.
Ijyb drinks a potion.
Ijyb seems to grow stronger.
Ijyb zaps a wand.
The bolt of acid hits you!
You are splashed with acid!
You closely miss Ijyb. You claw Ijyb.
Ijyb zaps a wand.
The bolt of acid hits you!
* * * LOW HITPOINT WARNING * * *
You are splashed with acid!
* * * LOW HITPOINT WARNING * * *
Ijyb completely misses you.
Unknown command.
Ijyb zaps a wand.
The bolt of acid misses you. The bolt of acid hits your ufetubus!!
Your ufetubus is splashed with acid.
The acid corrodes your ufetubus!
Your ufetubus dies!
Unknown command.
A leopard gecko comes into view.
You see here a jackal corpse.
You see here a wand of random effects (19).
Ijyb zaps a wand.
The bolt of acid misses you.
Ijyb zaps a wand.
The bolt of acid hits you!
You die...

....[..#.....## #.....####.....
..††##.............####......#.##
..#....#.###........##..........#
..#....#<####...........##...#...
......##..##.......####.###..#..#
.##....††).........##.#.^###.....
........................####.....
..#......#..<..........## #......
###......#......@.#....####......
#................#......###.....
##..................##.##.......
........#......##..##.##..#....
.........#......##gl.#.....#....
....###...†....#...##... ....
#....#†..##.. .... ...
#..###.##...#..... #.## .# #.##


You could see Ijyb (strong) and a leopard gecko.

Vanquished Creatures
  Sigmund (D:4)
  An orc priest (D:3)
  A worker ant (D:4)
  3 gnolls (D:3)
  8 adders
  An ooze (D:3)
  3 dart slugs
  2 leopard geckos
  10 orcs
  2 ball pythons
  3 bats
  3 giant cockroaches
  6 goblins
  9 hobgoblins
  3 jackals (D:4)
  6 kobolds
  2 quokkas (D:3)
  6 frilled lizards
  2 jackal skeletons (D:4)
  13 rats
85 creatures vanquished.

Vanquished Creatures (collateral kills)
  An orc wizard (D:2)
  An adder (D:3)
  2 orcs
  A goblin (D:3)
5 creatures vanquished.

Grand Total: 90 creatures vanquished

Notes
Turn   | Place    | Note
-------+----------+-------------------------------------------
     0 | D:1      | MrTaco21 the Demonspawn Fighter began the quest for the
                  | Orb.
     0 | D:1      | Reached XP level 1. HP: 18/18 MP: 1/1
   163 | D:1      | Reached skill level 2 in Maces & Flails
   390 | D:1      | Gained mutation: A weak demonic guardian rushes to your
                  | aid. [demonic ancestry]
   390 | D:1      | Reached XP level 2. HP: 22/24 MP: 2/2
  1039 | D:2      | Reached skill level 3 in Maces & Flails
  1097 | D:2      | Gained mutation: You have sharp fingernails. [demonic
                  | ancestry]
  1097 | D:2      | Reached XP level 3. HP: 28/29 MP: 3/3
  1159 | D:2      | Reached skill level 4 in Maces & Flails
  1159 | D:2      | Reached XP level 4. HP: 27/35 MP: 4/4
  1376 | D:2      | Found a bloodstained altar of Trog.
  2564 | D:3      | Gained mutation: You have sharp toenails. [demonic
                  | ancestry]
  2564 | D:3      | Reached XP level 5. HP: 41/41 MP: 5/5
  2762 | D:3      | Reached skill level 5 in Maces & Flails
  2813 | D:3      | Found a bloodstained altar of Trog.
  3312 | D:4      | Got a shimmering robe
  3323 | D:4      | Identified the cursed +1 robe of Compression {rElec} (You
                  | found it on level 4 of the Dungeon)
  3342 | D:4      | Noticed Sigmund
  3351 | D:4      | Killed Sigmund
  3351 | D:4      | Reached skill level 6 in Maces & Flails
  3351 | D:4      | Gained mutation: You have very sharp fingernails. [demonic
                  | ancestry]
  3351 | D:4      | Reached XP level 6. HP: 39/47 MP: 6/6
  3617 | D:4      | Noticed Ijyb
  3628 | D:4      | Killed from afar by Ijyb

Illustrated notes

Levels and vault maps discovered:
D:1:      dpeg_arrival_ratfight, layout_loops_corners
D:2:      layout_basic, trog_book
D:3:      layout_loops_cross, old_standard_altar
D:4:      layout_cave_pools, uniq_sigmund, uniq_ijyb

Skill      XL: |  1  2  3  4  5 |
---------------+----------------+-----
Maces & Flails | 2 3 4 6 |  6.6
Fighting       | |  3.0
Armour         | |  2.6
Shields        | |  2.6

Action                   |  1- 3 |  4- 6 || total
-------------------------+-------+-------++-------
Melee: Flail             |    81 |   194 ||   275
       Kick              |       |    22 ||    22
  Use: Scroll            |       |     2 ||     2
 Stab: Distracted        |       |     1 ||     1
Armor: Scale mail        |    33 |    89 ||   122
Dodge: Dodged            |    22 |    61 ||    83
Block: Kite shield       |    35 |    88 ||   123

Table legend: (Time is in decaauts)
 A = Elapsed time spent in this place.
 B = Non-inter-level travel time spent in this place.
 C = Inter-level travel time spent in this place.
 D = Time resting spent in this place.
 E = Time spent auto-exploring this place.
 F = Levels seen in this place.
 G = Mean time per level.
                   A        B        C        D        E       F      G
               +--------+--------+--------+--------+--------+-----+--------+
         Total |   3699 |   3610 |     89 |    777 |   2194 |   4 |  924.8 |
       Dungeon |   3699 |   3610 |     89 |    777 |   2194 |   4 |  924.8 |
               +--------+--------+--------+--------+--------+-----+--------+

Top non-repeatable levels by time:
     D:3: 1418 daAuts
     D:1: 1042 daAuts
     D:2: 832 daAuts
     D:4: 405 daAuts
